 Dungeon Crawl Stone Soup version 0.29-a0-468-ge57f7f99b4 (webtiles) character file.

Game seed: 13276436413570226161

186 xian the Conjurer (level 5, 0/39 HPs)
             Began as a Draconian Conjurer on May 21, 2022.
             Was an Initiate of Gozag.
             Slain by a black bear (5 damage)
             ... on level 3 of the Dungeon.
             The game lasted 00:10:47 (4581 turns).

xian the Conjurer (Draconian Conjurer)              Turns: 4581, Time: 00:10:48

Health: 0/39       AC:  5    Str:  9    XL:     5   Next: 38%
Magic:  3/9        EV: 12    Int: 20    God:    Gozag
Gold:   317        SH:  0    Dex: 10    Spells: 7/10 levels left

rFire   x . .      SeeInvis .   f - +1 dagger (elec)
rCold   + . .      Faith    +   (no shield)
rNeg    . . .      Spirit   .   (body armour unavailable)
rPois   .          Reflect  .   (helmet restricted)
rElec   .          Harm     .   (no cloak)
rCorr   .          Rampage  .   (no gloves)
Will    .....                   (no boots)
Stlth   ++........              h - amulet of faith
HPRegen 0.13/turn               m - ring of ice
MPRegen 0.11/turn               (no ring)

@: gold aura
A: AC +5, unfitting armour, cold-blooded
a: Renounce Religion, Potion Petition, Call Merchant, Bribe Branch


You were on level 3 of the Dungeon.
You worshipped Gozag.
Gozag was aware of your devotion.
You visited 1 branch of the dungeon, and saw 4 of its levels.

You collected 377 gold pieces.
You paid 60 gold pieces to Gozag.

Inventory:

Hand Weapons
 f - a +1 dagger of electrocution (weapon)
Jewellery
 h - an amulet of faith (around neck)
 m - a ring of ice (left hand)
 p - a ring of resist corrosion
Scrolls
 b - a scroll of silence {unknown}
 d - a scroll of teleportation {unknown}
 e - 2 scrolls of amnesia {unknown}
 g - 3 scrolls of identify {unknown}
 i - a scroll of immolation {unknown}
 n - a scroll of enchant weapon {unknown}
Potions
 c - 2 potions of haste {unknown}
 j - 2 potions of attraction {unknown}
 k - a potion of berserk rage {unknown}
 l - a potion of brilliance {unknown}
 o - 2 potions of resistance {unknown}


   Skills:
 + Level 0.5 Fighting
 + Level 1.3 Short Blades
 + Level 2.1 Dodging
 + Level 2.4 Stealth
 + Level 0.1 Unarmed Combat
 + Level 3.0 Spellcasting
 + Level 5.3 Conjurations


You had 7 spell levels left.
You knew the following spells:

 Your Spells              Type           Power      Damage    Failure   Level
a - Magic Dart            Conj           96%        1d7       1%          1
b - Searing Ray           Conj           48%        2d6       2%          2

Your spell library contained the following spells:

 Spells                   Type           Power      Damage    Failure   Level
 Dazzling Flash           Conj/Hex       26%        N/A       14%         3
 Fulminant Prism          Conj/Hex       6%         3d7       43%         4
 Iskenderun's Mystic Bla  Conj/Tloc      13%        2d5       43%         4


Dungeon Overview and Level Annotations

Branches:
Dungeon (4/15)
 Temple: D:4-7

Altars:
Gozag

Annotations:
D:3 2 transporters, xian's ghost, amateur DECj
D:4 Robin


Innate Abilities, Weirdness & Mutations

Your plain brown scales are hard. (AC +5)
You cannot fit into any form of body armour.
You are cold-blooded and may be slowed by cold attacks.


Message History

Confirm with . or Enter, or press ? or * to list all spells.
Aiming: Searing Ray (safe; 2% risk of failure)
Press: ? - help, Shift-Dir - straight line, f - kobold
Aim: a kobold, wielding a +0 whip and quivering poisoned darts (74% to hit)
The searing ray hits the kobold.
The kobold is heavily wounded. (Press . to maintain the ray.)
The black bear closely misses you. x2; The black bear claws you.
The endoplasm barely misses you. The kobold misses you.
You hit the kobold.
You kill the kobold!
The black bear attacks as you move away!
The black bear bites you! The black bear claws you.
* * * LOW HITPOINT WARNING * * *
The black bear claws you but does no damage.
Items here: $ ( ))))) [.
Things that are here:
a +0 club; a +0 club
Casting: Searing Ray (safe; 2% risk of failure)
Confirm with . or Enter, or press ? or * to list all spells.
Aiming: Searing Ray (safe; 2% risk of failure)
Press: ? - help, Shift-Dir - straight line, f - endoplasm
Aim: an endoplasm (98% to hit)
The searing ray hits the black bear.
The black bear is lightly wounded.
The searing ray hits the endoplasm!
You kill the endoplasm! (Press . to maintain the ray.)
The black bear bites you.
* * * LOW HITPOINT WARNING * * *
The black bear claws you but does no damage.
The black bear claws you.
* * * LOW HITPOINT WARNING * * *
The searing ray misses the black bear.
The black bear bites you but does no damage.
The black bear misses you. The black bear claws you.
* * * LOW HITPOINT WARNING * * *
The searing ray misses the black bear.
The black bear bites you.
You die...
Your body crumbles into a pile of gold.

#.......#### ...........#
#......)##.## ##....###...##
#....##.....##### ############
#..#..........))# #..........#
##...##....<###># #.####..##.#
##...####...## #h# #.# ##.##.#
......####.## #@# #.####≈.≈#>#
......(....### #)###.#...≈.≈..#
......####...###.##....##≈.≈###
.#...#####.#.........>.##≈≈≈#
...≈..≈.≈..#####.##....##..##
≈≈≈.≈≈≈≈≈.≈# #.#####.##.##
≈≈≈≈≈≈≈≈≈..## #.# ##.##.##
≈≈≈≈≈≈≈≈≈≈..####.# ##......######
≈≈.≈≈≈≈≈≈≈≈#...#.###.............


You could see a black bear.

Vanquished Creatures
  A hound (D:3)
  An orc priest (D:3)
  An iguana (D:3)
  2 adders
  A worm (D:2)
  2 dart slugs
  7 orcs (D:3)
  6 ball pythons
  3 endoplasms
  2 giant cockroaches
  9 goblins
  9 hobgoblins
  6 kobolds
  2 quokkas
  5 bats
  A frilled lizard (D:1)
  4 rats
  A spectral hobgoblin (D:2)
63 creatures vanquished.

Notes
Turn   | Place    | Note
-------+----------+-------------------------------------------
     0 | D:1      | xian the Draconian Conjurer began the quest for the Orb.
     0 | D:1      | Reached XP level 1. HP: 14/14 MP: 3/3
   531 | D:1      | Reached XP level 2. HP: 20/20 MP: 0/5
  1619 | D:2      | Found a faded altar of an unknown god.
  1840 | D:2      | Learned a level 2 spell: Searing Ray
  1883 | D:2      | Reached XP level 3. HP: 26/26 MP: 3/6
  2031 | D:2      | Reached skill level 1 in Short Blades
  2812 | D:3      | Found an opulent altar of Gozag.
  2819 | D:3      | Became a worshipper of Gozag Ym Sagoz the Greedy
  3083 | D:3      | Found a transporter.
  3083 | D:3      | Noticed xian's ghost (amateur DECj)
  3095 | D:3      | Found a transporter.
  3644 | D:3      | Reached XP level 4. HP: 33/33 MP: 5/7
  3732 | D:4      | Noticed Robin
  3741 | D:3      | Reached skill level 5 in Conjurations
  3905 | D:4      | Noticed a black bear
  4055 | D:3      | Reached XP level 5. HP: 16/38 MP: 2/9
  4581 | D:3      | Slain by a black bear

Illustrated notes

Levels and vault maps discovered:
D:1:      denvon_arrival_waterhouse, layout_rooms, item_on_display_a
D:2:      layout_basic, dreamdust_ecumenical_altar_drowned_temple
D:3:      layout_loops_ring, mainiacjoe_overflow_boulevard,
          gammafunk_ghost_arena, serial_rivers, chequers_serial_rivers_micro_d,
          chequers_serial_rivers_micro_e, chequers_serial_rivers_large_a,
          chequers_serial_rivers_small_3, chequers_serial_rivers_small_3
D:4:      layout_rooms, gammafunk_temple_overflow_arena, gammafunk_ghost_smash,
          uniq_crazy_yiuf_cottage, uniq_robin, uniq_grinder

Skill      XL: |  1  2  3  4  5 |
---------------+----------------+-----
Stealth        | 2 |  2.4
Short Blades   | 1 |  1.3
Conjurations   | 5 |  5.3
Dodging        | 2 |  2.1
Spellcasting   | 3 |  3.0
Fighting       | |  0.5
Unarmed Combat | |  0.1

Action                   |  1- 3 |  4- 6 || total
-------------------------+-------+-------++-------
Melee: Unarmed           |     5 |       ||     5
       Short sword       |     4 |       ||     4
       Tailslap          |     3 |     2 ||     5
       Dagger            |    10 |    26 ||    36
       Punch             |       |     1 ||     1
 Cast: Magic Dart        |    80 |     9 ||    89
       Searing Ray       |       |    12 ||    12
  Use: Potion            |       |     1 ||     1
Armor: Skin              |     7 |    50 ||    57
Dodge: Dodged            |    14 |    79 ||    93

Table legend: (Time is in decaauts)
 A = Elapsed time spent in this place.
 B = Non-inter-level travel time spent in this place.
 C = Inter-level travel time spent in this place.
 D = Time resting spent in this place.
 E = Time spent auto-exploring this place.
 F = Levels seen in this place.
 G = Mean time per level.
                   A        B        C        D        E       F      G
               +--------+--------+--------+--------+--------+-----+--------+
         Total |   4613 |   4561 |     52 |    960 |   3068 |   4 | 1153.2 |
       Dungeon |   4613 |   4561 |     52 |    960 |   3068 |   4 | 1153.2 |
               +--------+--------+--------+--------+--------+-----+--------+

Top non-repeatable levels by time:
     D:3: 2036 daAuts
     D:1: 1297 daAuts
     D:2: 1259 daAuts
     D:4: 19 daAuts
